Map: Acid Plant LE

Players

Gerald

  • Race: Protoss Protoss
  • Spawn Location: 11:00

RagnaroK (SHIN) - Winner!

  • Race: Zerg Zerg
  • Spawn Location: 5:00

Event: IEM Season 12 - Katowice

VOD

Have the link to the VOD?

Description

Time

  • Played on: Feb. 27, 2018, 9:27 a.m.
  • Length: 10:10

All games in this series

Show
View Real Time Build Order
Export as new Build Order

Gerald Protoss 

Build Orders: 1 Gate Expand, Oracle Opening, Phoenix Opening, Archon Immortal, Zealot Archon, Archon Drop 

Get SALT Encoding   

  12  0:00  Probe  
  13  0:12  Probe  
  14  0:20  Pylon  
  14  0:24  Probe  
  15  0:38  Probe (Chrono Boost)  
  16  0:45  Gateway  
  16  0:47  Probe (Chrono Boost)  
  16  0:49  Assimilator  
  17  0:53  Probe (Chrono Boost)  
  18  1:05  Probe  
  19  1:17  Probe  
  20  1:25  Nexus  
  20  1:34  Probe  
  20  1:38  Cybernetics Core  
  21  1:44  Assimilator  
  21  1:49  Probe  
  21  1:53  Pylon  
  22  2:01  Probe  
  23  2:13  Adept (Chrono Boost), Probe  
  26  2:21  Stargate  
  26  2:25  Probe  
  27  2:32  Adept (Chrono Boost)  
  29  2:38  Probe  
  29  2:43  Probe  
  31  2:45  Warp Gate  
  31  2:50  Probe  
  32  2:54  Adept (Chrono Boost)  
  32  2:55  Probe  
  35  3:02  Probe  
  35  3:03  Phoenix (Chrono Boost)  
  38  3:08  Probe  
  39  3:13  Assimilator  
  39  3:14  Probe  
  39  3:18  Assimilator  
  40  3:20  Probe  
  40  3:26  Probe  
  42  3:32  Probe  
  43  3:34  Oracle (Chrono Boost)  
  43  3:38  Probe  
  43  3:44  Probe  
  43  3:45  Adept  
  43  3:48  Gateway  
  46  3:49  Pylon  
  46  4:00  Pylon  
  46  4:07  Probe x2  
  48  4:16  Robotics Facility  
  48  4:18  Twilight Council  
  48  4:19  Probe, Gateway  
  48  4:21  Gateway  
  48  4:22  Probe  
  50  4:31  Probe  
  51  4:34  Probe  
  52  4:39  Pylon  
  52  4:43  Probe  
  52  4:45  Pylon  
  53  4:46  Probe  
  54  4:55  Templar Archives  
  54  4:57  Probe  
  54  4:58  Probe  
  56  5:00  Adept  
  56  5:01  Adept  
  60  5:10  Probe  
  61  5:15  Nexus  
  61  5:16  Pylon, Warp Prism (Chrono Boost)  
  63  5:23  Probe  
  63  5:24  Probe  
  63  5:26  Charge  
  65  5:29  Pylon  
  65  5:34  High Templar  
  65  5:35  Probe, High Templar x3  
  72  5:38  Archon  
  72  5:39  Archon  
  72  5:40  Probe  
  75  5:47  Probe, Robotics Facility  
  76  5:52  Immortal (Chrono Boost)  
  80  5:57  Forge  
  80  5:59  Probe  
  80  6:03  Probe  
  82  6:11  Probe  
  82  6:12  Psionic Storm  
  83  6:20  Probe  
  83  6:23  Probe, Observer  
  86  6:30  Zealot x2, High Templar  
  86  6:31  Zealot  
  86  6:32  Probe x2  
  96  6:35  Probe  
  96  6:38  Gateway  
  96  6:39  Gateway  
  97  6:42  Immortal  
  101  7:00  Assimilator  
  101  7:02  Pylon  
  101  7:03  Pylon  
  101  7:06  Assimilator  
  101  7:19  Protoss Ground Weapons Level 1 (Chrono Boost)  
  101  7:20  Probe x3, Immortal  
  101  7:21  Immortal  
  112  7:22  Pylon  
  112  7:28  Zealot  
  112  7:29  Zealot  
  116  7:43  Zealot x2  
  118  7:46  Probe  
  117  7:54  Zealot x3  
  119  7:59  Probe, Immortal  
  119  8:02  Immortal  
  113  8:08  Zealot  
  113  8:09  Probe, Zealot x5  
  113  8:11  Gateway  
  118  8:14  Gateway  
  97  8:27  Shield Battery  
  97  8:28  Shield Battery  
  97  8:29  High Templar x3  
  97  8:30  Pylon, Zealot x2, High Templar  
  97  8:31  Probe  
  97  8:33  Probe  
  107  8:36  Archon x2  
  107  8:39  Immortal  
  112  8:52  Zealot x2  
  105  8:57  Zealot x2  
  89  9:10  Pylon, Immortal  
  89  9:11  Zealot x2  
  89  9:16  Zealot x4  
  73  9:31  Zealot  
  73  9:32  Zealot x3  
  73  9:38  Zealot x2  
  65  9:50  Zealot x2  
  60  9:54  Zealot x3  
  57  10:02  Zealot  
Show
View Real Time Build Order
Export as new Build Order

RagnaroK Zerg - Winner!

Build Orders: Hatch First 

Get SALT Encoding   

  12  0:00  Drone  
  13  0:07  Drone  
  14  0:17  Overlord  
  14  0:36  Drone x3  
  17  0:51  Hatchery  
  17  0:55  Drone  
  17  0:59  Drone  
  18  1:11  Extractor  
  18  1:16  Spawning Pool  
  18  1:17  Drone  
  17  1:21  Drone  
  18  1:30  Drone  
  19  1:42  Overlord  
  19  2:03  Queen x2, Zergling x4  
  19  2:04  Drone  
  26  2:10  Metabolic Boost  
  27  2:15  Drone x2  
  28  2:24  Drone x2  
  30  2:34  Drone  
  30  2:35  Drone  
  32  2:44  Hatchery  
  32  2:49  Zergling x2  
  32  2:50  Overlord  
  32  2:58  Drone x2  
  34  3:02  Queen  
  36  3:11  Drone x2  
  38  3:17  Zergling x2  
  38  3:18  Drone x2  
  41  3:20  Overlord  
  41  3:23  Drone x2  
  43  3:29  Drone x2  
  43  3:33  Drone  
  42  3:36  Drone  
  42  3:37  Spore Crawler  
  41  3:47  Overlord  
  41  3:48  Drone x2  
  43  3:50  Drone  
  43  3:55  Overlord  
  44  4:01  Lair  
  44  4:04  Drone x2  
  44  4:08  Drone x2  
  44  4:09  Drone  
  49  4:16  Spore Crawler  
  48  4:17  Queen  
  48  4:24  Drone x2  
  52  4:25  Spore Crawler  
  52  4:26  Drone  
  52  4:27  Drone  
  53  4:31  Extractor  
  53  4:32  Extractor  
  53  4:33  Drone x2  
  53  4:36  Overlord  
  53  4:37  Drone  
  54  4:39  Drone x2  
  54  4:43  Drone x2  
  58  4:47  Drone x2  
  58  4:51  Drone  
  58  4:52  Drone  
  61  4:56  Drone x3  
  61  4:57  Queen, Extractor  
  65  5:03  Hydralisk Den  
  65  5:04  Overlord  
  64  5:13  Zergling x10  
  69  5:16  Queen  
  71  5:23  Queen  
  71  5:27  Zergling x4  
  71  5:28  Zergling x2  
  76  5:29  Overlord x2  
  76  5:36  Grooved Spines  
  76  5:38  Hydralisk x3  
  82  5:46  Hydralisk x2  
  86  5:50  Hydralisk  
  86  5:51  Hydralisk  
  86  5:52  Hydralisk  
  92  6:01  Hydralisk x3  
  98  6:08  Overlord x2  
  98  6:16  Overlord  
  97  6:25  Overlord  
  97  6:26  Overlord  
  97  6:27  Hydralisk x2  
  97  6:32  Queen  
  100  6:35  Nydus Network  
  100  6:36  Queen  
  100  6:39  Overlord  
  103  6:40  Queen  
  103  6:45  Hydralisk x2  
  109  6:52  Overseer  
  108  6:55  Hydralisk x3  
  108  7:01  Zergling x10  
  114  7:07  Hydralisk  
  119  7:12  Nydus Canal  
  119  7:14  Hydralisk  
  119  7:15  Hydralisk, Zergling x2  
  121  7:16  Zergling x2  
  121  7:20  Hydralisk  
  121  7:22  Overlord  
  127  7:23  Zergling x2  
  127  7:24  Zergling x2  
  127  7:27  Hydralisk  
  127  7:28  Zergling x2  
  131  7:30  Hydralisk  
  130  7:40  Hydralisk  
  130  7:41  Zergling x2  
  130  7:42  Hydralisk  
  133  7:44  Hydralisk  
  133  7:48  Zergling x2, Hydralisk  
  133  7:49  Zergling x4  
  136  7:53  Hydralisk  
  136  7:55  Zergling x4  
  136  7:57  Zergling x2, Hydralisk  
  143  8:00  Zergling x4  
  143  8:02  Zergling x2  
  143  8:03  Zergling x2  
  138  8:06  Zergling x4  
  138  8:08  Zergling x2  
  138  8:09  Zergling x2  
  140  8:15  Hydralisk  
  140  8:18  Hydralisk  
  140  8:19  Zergling x2  
  132  8:21  Zergling x4  
  132  8:22  Zergling x2  
  132  8:23  Zergling x2  
  132  8:25  Zergling x2  
  128  8:28  Zergling x2  
  128  8:31  Hydralisk  
  128  8:32  Zergling x2  
  129  8:35  Overlord  
  129  8:37  Hydralisk  
  129  8:39  Hydralisk  
  132  8:42  Zergling x2  
  132  8:47  Hydralisk  
  133  8:53  Zergling x2  
  133  8:54  Zergling x2  
  124  8:55  Zergling x4  
  124  8:57  Zergling x2  
  124  9:01  Zergling x4  
  117  9:04  Zergling x2  
  117  9:05  Hydralisk x2  
  117  9:07  Hydralisk  
  117  9:08  Zergling x2  
  119  9:13  Zergling x4  
  119  9:14  Zergling x2  
  119  9:15  Zergling x4  
  120  9:17  Zergling x2  
  120  9:23  Hydralisk  
  120  9:24  Zergling x2  
  118  9:27  Zergling x2  
  118  9:29  Zergling x4  
  113  9:35  Hydralisk  
  113  9:36  Hydralisk  
  116  9:41  Hydralisk  

Tags
 
Add a new tag
Caveats
  • Supply blocks, unpowered buildings, or Contaminate may cause inaccurate times.
  • Supply counts are checked every 10 seconds.